 Dungeon Crawl Stone Soup version 0.28-b1-1-g3c77fb2ed1 (webtiles) character file.

Game seed: 7703806988444144845

67 unlimited1921 the Skirmisher (level 3, -2/34 HPs)
             Began as a Minotaur Fighter on Jan 30, 2022.
             Killed from afar by Sigmund (4 damage)
             ... with a puff of flame
             ... on level 2 of the Dungeon.
             The game lasted 00:06:39 (1646 turns).

unlimited1921 the Skirmisher (Minotaur Fighter)     Turns: 1646, Time: 00:06:40

Health: -2/34      AC:  7    Str: 22    XL:     3   Next: 98%
Magic:  2/2        EV:  9    Int:  5    God:
Gold:   93         SH:  4    Dex:  9    Spells: 2/2 levels left

rFire   . . .      SeeInvis .   l - +7 Throatcutter {drain, coup de grace}
rCold   . . .      Faith    .   c - +0 buckler
rNeg    . . .      Spirit   .   b - +0 scale mail
rPois   .          Reflect  .   (helmet restricted)
rElec   .          Harm     .   (no cloak)
rCorr   .          Rampage  .   (no gloves)
Will    .....                   (no boots)
Stlth   ..........              (no amulet)
HPRegen 0.11/turn               (no ring)
MPRegen 0.08/turn               (no ring)

@: no status effects
A: horns 2, retaliatory headbutt
a: no special abilities


You were on level 2 of the Dungeon.
You visited 1 branch of the dungeon, and saw 2 of its levels.

You collected 93 gold pieces.

Inventory:

Hand Weapons
 a - a +0 war axe
 h - a +0 hand axe
 l - the +7 Throatcutter (weapon) {drain, coup de grace}
   (You took it off Terence on level 2 of the Dungeon)

   A truly terrible weapon, it drains the life of any living foe it strikes.
   It may instantly kill foes which have little health.
Missiles
 f - 6 boomerangs (quivered)
 i - 6 poisoned darts
 s - 21 sling bullets
Armour
 b - a +0 scale mail (worn)
 c - a +0 buckler (worn)
 k - a +0 leather armour of cold resistance
 m - a +0 chain mail
Scrolls
 g - a scroll of noise {unknown}
 n - a scroll of identify {unknown}
 p - 2 scrolls of magic mapping {unknown}
 q - a scroll of amnesia {unknown}
Potions
 d - a potion of might
 e - a potion of magic {unknown}
 j - a potion of lignification {unknown}
 o - 2 potions of flight {unknown}
 r - a potion of attraction {unknown}


   Skills:
 * Level 4.4 Fighting
 + Level 3.2 Axes
 + Level 1.0 Throwing
 + Level 4.1 Armour
 + Level 0.2 Dodging
 + Level 4.0 Shields


You had 2 spell levels left.
You didn't know any spells.
Your spell library was empty.

Dungeon Overview and Level Annotations

Branches:
Dungeon (2/15)

Altars:

Annotations:
D:2 Sigmund


Innate Abilities, Weirdness & Mutations

You have a pair of horns on your head.
You reflexively headbutt those who attack you in melee.


Message History

Aim: Sigmund, wielding a +0 scythe, wearing a +0 robe and carrying a wand of flame (19) (52% to hit)
You throw a boomerang. The boomerang hits Sigmund.
Sigmund is lightly wounded.
Throw: 6 boomerangs
Press: ? - help, Q - select action, (/) - cycle Shift-Dir - straight line, f/p - Sigmund
Aim: Sigmund, wielding a +0 scythe, wearing a +0 robe and carrying a wand of flame (19) (lightly wounded, 52% to hit)
You throw a boomerang. The boomerang hits Sigmund.
Sigmund is moderately wounded.
Sigmund gestures at you while chanting. The puff of flame hits you.
Sigmund hits you with a +0 scythe.
You closely miss Sigmund.
Sigmund is lightly wounded.
Sigmund gestures wildly while chanting.
Sigmund flickers and vanishes!
Deactivating autopickup; reactivate with Ctrl-A.
You barely miss something. Something hits you!
You are too injured to fight recklessly!
You are too injured to fight recklessly!
You are too injured to fight recklessly!
A magic dart appears from out of thin air!
The magic dart hits you.
A puff of flame appears from out of thin air!
The puff of flame misses you.
A puff of flame appears from out of thin air!
The puff of flame misses you.
You hear a zap.
A puff of flame appears from out of thin air!
The puff of flame hits you!
* * * LOW HITPOINT WARNING * * *
Something tries to affect you, but you resist.
You hear a zap.
A puff of flame appears from out of thin air!
The puff of flame hits you.
* * * LOW HITPOINT WARNING * * *
There is a stone staircase leading up here.
You hear a zap.
A puff of flame appears from out of thin air!
The puff of flame hits you.
You die...

###.####.##.##.###.{g...
#
#.....#.{.#g##.##.###.##
#.##.....#.....).....#
#............#.##.##.#
###.....#.....##.###..
#.....#..#####.. ....
###.###..# ### #####
#...##..# ###...##@.#
#####.........#
..............#
####.........##
#.##...##.# #.##...##.#
#.....###.# #..###..##.#
#. ##.##.###


You could see a goblin.

Vanquished Creatures
  Terence (D:2)
  4 dart slugs (D:1)
  3 ball pythons (D:1)
  4 bats (D:1)
  4 endoplasms
  2 giant cockroaches
  2 hobgoblins (D:1)
  3 quokkas
  3 goblins
  3 kobolds
  2 rats (D:1)
31 creatures vanquished.

Notes
Turn   | Place    | Note
-------+----------+-------------------------------------------
     0 | D:1      | unlimited1921 the Minotaur Fighter began the quest for the
                  | Orb.
     0 | D:1      | Reached XP level 1. HP: 19/19 MP: 0/0
   379 | D:1      | Reached XP level 2. HP: 27/27 MP: 1/1
   881 | D:1      | Reached XP level 3. HP: 33/33 MP: 2/2
   985 | D:2      | Noticed Terence
   994 | D:2      | Killed Terence
  1470 | D:2      | Reached skill level 1 in Throwing
  1617 | D:2      | Noticed Sigmund
  1646 | D:2      | Killed from afar by Sigmund

Illustrated notes

Levels and vault maps discovered:
D:1:      ebering_trefoil_3fold, layout_basic, grunt_decor_junction
D:2:      layout_loops_ring, chequers_arboretum, minmay_joined_circles,
          uniq_sigmund, uniq_terence

Skill      XL: |  1  2  3 |
---------------+----------+-----
Armour         | 4 |  4.1
Shields        | 4 |  4.0
Fighting       | 4 |  4.4
Axes           | 3 |  3.2
Throwing       | 1 |  1.0
Dodging        | |  0.2

Action                   || total
-------------------------++-------
Melee: War axe           ||    56
       Headbutt          ||     6
       Long sword        ||     7
Throw: Boomerang         ||    30
Armor: Scale mail        ||    32
Dodge: Dodged            ||    41
Block: Buckler           ||    10
